 Dungeon Sprint DCSS version 0.30.1-11-g7821555f0a (webtiles) character file.

Game seed: 5054225254187004931

11148 Groucho the Unseen (level 11, 0/58 HPs)
             Began as a Spriggan Enchanter on Dec 9, 2023.
             Was a High Priest of Dithmenos.
             Killed from afar by a crystal guardian (15 damage)
             ... with a crystal bolt
             ... in the Dungeon (Sprint II: "The Violet Keep of Menkaure").
             The game lasted 00:22:06 (2604 turns).

Groucho the Unseen (Spriggan Enchanter)             Turns: 2604, Time: 00:22:06

Health: 0/58       AC:  2    Str:  7    XL:     11   Next: 45%
Magic:  22/22      EV: 28    Int: 21    God:    Dithmenos [*****.]
Gold:   520        SH:  5    Dex: 18    Spells: 13/24 levels left

rFire   + + .        c - +1 arbalest
rCold   + . .        (shield currently unavailable)
rNeg    . . .        i - +0 robe of Wu Jian's Scorn {rC+ Dex+2 SInv}
rPois   .            (helmet restricted)
rElec   .            j - scarf {repulsion}
rCorr   .            (gloves unavailable)
SInv    +            (boots unavailable)
Will    ++...        k - amulet "Urimmi" {Reflect Fragile rF+ Will+ Str+3 SH+5}
Stlth   ++++++++++   h - ring of protection from fire
HPRegen 0.29/turn    (no ring)
MPRegen 0.18/turn

%: no teleportation, repel missiles, reflection
@: wreathed by umbra, very quick
A: very small, no large weapons, unfitting armour, see invisible, speed 3
a: Renounce Religion, Shadow Step, Shadow Form


You were in the Dungeon.
You worshipped Dithmenos.
Dithmenos was extremely pleased with you.
You visited 1 branch You collected 1902 gold pieces.
You spent 1382 gold pieces at shops.

Inventory:

Hand Weapons
 a - a +1 dagger
 b - a +1 dagger of flaming
 c - a +1 arbalest (weapon)
 m - a +3 vampiric dagger
 D - a +0 sling
Armour
 i - the +0 robe of Wu Jian's Scorn (worn) {rC+ Dex+2 SInv}
   (You bought it in a shop in the Dungeon)

   Dex:       It affects your dexterity (+2).
   rC:        It protects you from cold.
   SInv:      It lets you see invisible.
 j - a scarf of repulsion (worn)
 r - a +2 buckler
Jewellery
 h - a ring of protection from fire (left hand)
 k - the amulet "Urimmi" (around neck) {Reflect Fragile rF+ Will+ Str+3 SH+5}
   (You bought it in a shop in the Dungeon)

   [amulet of reflection]

   It reflects blocked missile attacks.
   Str:       It affects your strength (+3).
   rF:        It protects you from fire.
   Fragile:   It will be destroyed if unequipped.
   SH:        It affects your SH (+5).
   Will:      It increases your willpower.
Scrolls
 q - 2 scrolls of poison {unknown}
 t - a scroll of immolation {unknown}
 w - a scroll of vulnerability {unknown}
 y - 4 scrolls of identify {unknown}
 z - a scroll of fear {unknown}
 A - a scroll of amnesia {unknown}
 B - a scroll of silence {unknown}
 C - a scroll of enchant armour {unknown}
Potions
 d - 2 potions of curing
 f - a potion of heal wounds
 g - 5 potions of magic
 l - a potion of might
 n - a potion of berserk rage
 o - 5 potions of flight
 p - a potion of mutation {unknown}
 s - a potion of lignification {unknown}
 u - a potion of haste
 v - 3 potions of resistance {unknown}


   Skills:
 - Level 7.0 Fighting
 - Level 10.0 Short Blades
 + Level 13.7 Ranged Weapons
 - Level 1.0 Armour
 - Level 15.0 Dodging
 - Level 15.0 Stealth
 + Level 6.8 Shields
 - Level 7.0 Spellcasting
 - Level 5.0 Conjurations
 - Level 14.0 Hexes
 - Level 3.0 Ice Magic


You had 13 spell levels left.
You knew the following spells:

 Your Spells              Type           Power      Damage    Failure   Level
a - Ensorcelled Hibernat  Hex/Ice        86%        N/A       1%          2
b - Confusing Touch       Hex            60%        N/A       1%          3
c - Dazzling Flash        Conj/Hex       94%        N/A       1%          3
d - Tukima's Dance        Hex            60%        N/A       1%          3

Your spell library contained the following spells:

 Spells                   Type           Power      Damage    Failure   Level
 Magic Dart               Conj           100%       1d8       1%          1
 Portal Projectile        Hex/Tloc       72%        N/A       1%          3
 Kiss of Death            Conj/Necr      68%        2d10      3%          1
 Leda's Liquefaction      Hex/Erth       18%        N/A       4%          4
 Call Imp                 Summ           14%        N/A       13%         2
 Mephitic Cloud           Conj/Pois/Air  14%        N/A       14%         3
 Call Canine Familiar     Summ           7%         N/A       26%         3
 Dispel Undead            Necr           7%         3d8       65%         4


Dungeon Overview and Level Annotations

Branches:
Dungeon (1/1)

Altars:
Cheibriados
Dithmenos
Elyvilon
Fedhas
Gozag
Hepliaklqana
Kikubaaqudgha
Makhleb
Nemelex Xobeh
Okawaru
Qazlal
Ru
Sif Muna
Trog
Uskayaw
Vehumet
Wu Jian
Xom
Yredelemnul
Zin
The Shining One
Jiyva
Lugonu

Shops:
D !!:=[=![?(*=(:[

Annotations:
D exclusions: ice statue and oklob plant, Roxanne


Innate Abilities, Weirdness & Mutations

You are very small and have problems with some larger weapons.
You are too small for most types of armour.
You have supernaturally acute eyesight. (SInv)
You cover ground extremely quickly. (Speed+++)


Message History

The crystal bolt burns you! You resist. The crystal bolt burns you!!
You resist.
You emit a cloud of dark smoke.
The crystal bolt burns the crystal guardian.
The crystal guardian completely resists.
Unknown command.
You are too injured to fight recklessly!
Unknown command.
Unknown command.
You are too injured to fight recklessly!
Unknown command.
Fire: c) +1 arbalest
Press: ? - help, Q - select action, (/) - cycle Shift-Dir - straight line, f/p - crystal guardian
Aim: a crystal guardian (black smoke, severely damaged, wandering, hasn't noticed you, umbra, 98% to hit)
You shoot a bolt. The bolt hits the crystal guardian.
The crystal guardian is almost destroyed.
The crystal guardian completely misses you.
Unknown command.
Unknown command.
Fire: c) +1 arbalest
Press: ? - help, Q - select action, (/) - cycle Shift-Dir - straight line, f/p - crystal guardian
Aim: a crystal guardian (black smoke, almost destroyed, umbra, 98% to hit)
You shoot a bolt.
The bolt hits the crystal guardian but does no damage.
The crystal guardian is almost destroyed.
You block the crystal guardian's attack.
The crystal guardian fires a crystalline bolt at you.
The crystal bolt burns you! You resist.
* * * LOW HITPOINT WARNING * * *
The crystal bolt misses you.
The crystal bolt burns the crystal guardian.
The crystal guardian completely resists.
Unknown command.
Fire: c) +1 arbalest
Press: ? - help, Q - select action, (/) - cycle Shift-Dir - straight line, f/p - crystal guardian
Aim: a crystal guardian (black smoke, severely damaged, wandering, hasn't noticed you, umbra, 98% to hit)
You shoot a bolt. The bolt hits the crystal guardian.
The crystal guardian is almost destroyed.
The crystal guardian fires a crystalline bolt at you.
The crystal bolt freezes you! You resist.
You die...

...... #..'.^..#.÷#==▓.....([.▓▓
##+##..#†.####.#†÷#::▓(...(...▓▓
#.#.##.####..'.##.#}:▓.)..)[..▓▓
..#..#....#††#...####▓[.)....(▓▓
#.#.####..#####..##.#▓([)))...▓▓
##'###.##..#..'..#..#▓[.)([)[.▓▓
##.##..##..#..#..#..#▓......(.▓▓
'.<.'##.'..####§9##.#▓(..[..))▓▓
##.##..##....###@§§##▓▓▓▓▓▓▓'▓▓▓▓
##'###.##.§....§~§§~~~~~~~~~...≈≈
#.######~§.....~#§########'###.≈≈
.##..#~~~§§§~§.~#..._._._#~~~##≈≈
#...##~~~~~~§~.~#_._._._.#~§≈≈###
##+##~~~≈≈≈~~§~§#._._._._#~~~~≈##
~~~~~~~~§≈≈§§§~~#_._._._.#~~~§≈≈#
++#+++#~≈§§≈§§§~#._._._..#~§§§~≈'
~.~§ ##≈§§###≈≈#_._._...#~~§§§§#


You could see a crystal guardian.

Vanquished Creatures
  A deep elf master archer (D)
  2 sphinxes (D)
  A kraken (D)
  2 boulder beetles (D)
  2 deep trolls (D)
  2 death drakes (D)
  A merfolk siren (D)
  A yaktaur (D)
  A hornet (D)
  3 polar bears (D)
  2 redbacks (D)
  4 neqoxecs (D)
  Menkaure (D)
  6 water moccasins (D)
  2 swamp drakes (D)
  3 black bears (D)
  5 scorpions (D)
39 creatures vanquished.

Vanquished Creatures (others)
  A water moccasin (D)
  268 tentacles (D)
269 creatures vanquished.

Grand Total: 308 creatures vanquished

Notes
Turn   | Place    | Note
-------+----------+-------------------------------------------
     0 | D        | Groucho the Spriggan Enchanter began the quest for the Orb.
     0 | D        | Reached XP level 1. HP: 9/9 MP: 5/5
     3 | D        | Noticed a boulder beetle
     3 | D        | Noticed a boulder beetle
     6 | D        | Noticed a scorpion
     6 | D        | Noticed a scorpion
     6 | D        | Noticed a scorpion
     6 | D        | Noticed a scorpion
    15 | D        | Killed a scorpion
    16 | D        | Reached skill level 1 in Armour
    16 | D        | Reached skill level 5 in Hexes
    16 | D        | Reached XP level 2. HP: 16/16 MP: 6/8
    16 | D        | Reached XP level 3. HP: 19/19 MP: 6/9
    21 | D        | Killed a scorpion
    22 | D        | Reached skill level 5 in Short Blades
    22 | D        | Reached skill level 10 in Stealth
    22 | D        | Reached XP level 4. HP: 24/24 MP: 7/11
    28 | D        | Killed a scorpion
    29 | D        | Reached XP level 5. HP: 22/28 MP: 7/12
    41 | D        | Noticed a neqoxec
    44 | D        | Killed a neqoxec
    45 | D        | Reached skill level 15 in Stealth
    45 | D        | Reached XP level 6. HP: 19/32 MP: 8/13
    45 | D        | Noticed a neqoxec
    46 | D        | Killed a neqoxec
    47 | D        | Noticed a neqoxec
    47 | D        | Noticed a neqoxec
    49 | D        | Killed a neqoxec
    50 | D        | Reached XP level 7. HP: 22/36 MP: 9/14
    51 | D        | Killed a neqoxec
    60 | D        | Noticed a merfolk siren
    63 | D        | Killed a merfolk siren
    64 | D        | Reached XP level 8. HP: 27/40 MP: 10/19
   381 | D        | Learned a level 2 spell: Ensorcelled Hibernation
   385 | D        | Learned a level 3 spell: Confusing Touch
   389 | D        | Learned a level 3 spell: Dazzling Flash
   393 | D        | Learned a level 3 spell: Tukima's Dance
   408 | D        | Killed a boulder beetle
   409 | D        | Reached skill level 10 in Short Blades
   419 | D        | Killed a boulder beetle
   420 | D        | Reached skill level 5 in Conjurations
   420 | D        | Reached skill level 5 in Fighting
   420 | D        | Reached XP level 9. HP: 48/48 MP: 13/20
   436 | D        | Found Loekkecu's Book Shoppe.
   436 | D        | Found Okledirph's Jewellery Emporium.
   436 | D        | Found Tiyt's Antique Weapon Emporium.
   436 | D        | Found Qapecesk's Antique Weapon Shoppe.
   436 | D        | Found Kodeok's Assorted Antiques.
   437 | D        | Found Wetzaj's Magic Scroll Shoppe.
   437 | D        | Found Toixzugh's Antique Armour Emporium.
   438 | D        | Found Unaky's Distillery.
   438 | D        | Found Ynivuq's Armour Emporium.
   438 | D        | Found Wifuo's Jewellery Emporium.
   438 | D        | Noticed Menkaure
   438 | D        | Noticed a death yak
   453 | D        | Killed Menkaure
   456 | D        | Found Fiddonebesk's Antique Armour Shoppe.
   456 | D        | Found Ritekege's Jewellery Emporium.
   456 | D        | Noticed an oklob plant
   457 | D        | Found Waisimm's Distillery.
   457 | D        | Found Ulops's Distillery.
   457 | D        | Found Ojomn's Book Shoppe.
   462 | D        | Noticed an ice dragon
   471 | D        | Noticed an iron elemental
   486 | D        | Bought 2 potions of flight for 78 gold pieces
   486 | D        | Bought a potion of degeneration for 13 gold pieces
   494 | D        | Bought a ring of protection from fire for 275 gold pieces
   497 | D        | Bought a wizard robe for 148 gold pieces
   497 | D        | Identified the +0 robe of Wu Jian's Scorn {rC+ Dex+2 SInv}
                  | (You bought it in a shop in the Dungeon)
   514 | D        | Bought a glowing dagger for 135 gold pieces
   525 | D        | Bought an embroidered scarf for 192 gold pieces
   553 | D        | Found a glowing golden altar of the Shining One.
   553 | D        | Found an ornate altar of the Wu Jian Council.
   554 | D        | Found a shimmering altar of Xom.
   554 | D        | Found a sacrificial altar of Ru.
   554 | D        | Found a stormy altar of Qazlal.
   555 | D        | Found a basalt altar of Yredelemnul.
   555 | D        | Found a shimmering blue altar of Sif Muna.
   555 | D        | Found a viscous altar of Jiyva.
   556 | D        | Found a glowing silver altar of Zin.
   556 | D        | Found a bloodstained altar of Trog.
   556 | D        | Found an ancient bone altar of Kikubaaqudgha.
   557 | D        | Found a hide-covered altar of Uskayaw.
   557 | D        | Found a corrupted altar of Lugonu.
   557 | D        | Found a shadowy altar of Dithmenos.
   582 | D        | Bought a faintly glowing golden amulet for 110 gold pieces
   582 | D        | Identified the amulet "Urimmi" {Reflect Fragile rF+ Will+
                  | Str+3 SH+5} (You bought it in a shop in the Dungeon)
   616 | D        | Found a radiant altar of Vehumet.
   616 | D        | Found a burning altar of Makhleb.
   616 | D        | Found a white marble altar of Elyvilon.
   617 | D        | Found a sparkling altar of Nemelex Xobeh.
   617 | D        | Found a blossoming altar of Fedhas.
   619 | D        | Found an iron altar of Okawaru.
   619 | D        | Found an opulent altar of Gozag.
   619 | D        | Found a hazy altar of Hepliaklqana.
   619 | D        | Found a snail-covered altar of Cheibriados.
   619 | D        | Noticed a polar bear
   620 | D        | Noticed a yaktaur
   626 | D        | Became a worshipper of Dithmenos the Shadowed
   635 | D        | Noticed a polar bear
   635 | D        | Noticed a polar bear
   636 | D        | Killed a polar bear
   637 | D        | Killed a polar bear
   639 | D        | Reached * piety under Dithmenos
   640 | D        | Killed a polar bear
   642 | D        | Killed a yaktaur
   655 | D        | Reached ** piety under Dithmenos
   656 | D        | Reached skill level 1 in Ranged Weapons
   670 | D        | Reached XP level 10. HP: 55/55 MP: 21/21
   671 | D        | Reached *** piety under Dithmenos
   675 | D        | Noticed a deep elf master archer
   707 | D        | Killed a deep elf master archer
   707 | D        | Reached **** piety under Dithmenos
  1012 | D        | Noticed a kraken
  1624 | D        | Noticed Roxanne
  1636 | D        | Noticed an ice statue
  1658 | D        | Bought a potion of invisibility for 104 gold pieces
  1658 | D        | Bought a potion of heal wounds for 65 gold pieces
  1658 | D        | Bought a potion of might for 52 gold pieces
  1664 | D        | Bought a runed dagger for 135 gold pieces
  1911 | D        | Killed a kraken
  1911 | D        | Reached ***** piety under Dithmenos
  1912 | D        | Reached skill level 10 in Ranged Weapons
  1912 | D        | Reached skill level 15 in Dodging
  2047 | D        | Noticed a deep troll
  2048 | D        | Noticed a deep troll
  2050 | D        | Killed a deep troll
  2051 | D        | Killed a deep troll
  2052 | D        | Reached XP level 11. HP: 58/58 MP: 22/22
  2073 | D        | Noticed a sphinx
  2073 | D        | Noticed a sphinx
  2077 | D        | Killed a sphinx
  2082 | D        | Killed a sphinx
  2083 | D        | Reached skill level 5 in Shields
  2191 | D        | Noticed a death drake
  2192 | D        | Noticed a death drake
  2192 | D        | Noticed a crystal guardian
  2196 | D        | Killed a death drake
  2201 | D        | Killed a death drake
  2258 | D        | Bought a scroll of enchant weapon for 75 gold pieces
  2604 | D        | Killed from afar by a crystal guardian

Illustrated notes

Levels and vault maps discovered:
D:        the_violet_keep_of_menkaure [sprint2_stairs_cluster_1,
          sprint2_shoproom, sprint2_temple, sprint2_basic_supplies,
          sprint2_obstacle_6, sprint2_obstacle_5, sprint2_obstacle_2,
          sprint2_obstacle_4, sprint2_obstacle_3, sprint2_timed_cluster_1,
          sprint2_smallroom_cluster_1, sprint2_smallroom_final_cluster_1,
          sprint2_transparent_cluster_1, sprint2_second_timed_cluster_1,
          sprint2_sniper_area_1, sprint2_heavy_combat_area_1,
          sprint2_mutation_trap_area_1, sprint2_forest_area_1,
          sprint2_light_combat_area_1, sprint2_behind_water_1,
          sprint2_near_end_vault_1]

Skill      XL: |  1  2  3  4  5  6  7  8  9 10 11 |
---------------+----------------------------------+-----
Fighting       | 2 3 5 7 |  7.0
Short Blades   | 3 5 7 10 | 10.0
Armour         | 1 |  1.0
Dodging        | 3 12 15 | 15.0
Stealth        | 7 10 13 15 | 15.0
Spellcasting   | 4 7 |  7.0
Hexes          | 5 9 12 14 | 14.0
Conjurations   | 5 |  5.0
Ice Magic      | 3 |  3.0
Ranged Weapons | 3 11 13 | 13.7
Shields        | 3 6 |  6.8

Action                     |  1- 3 |  4- 6 |  7- 9 | 10-12 || total
---------------------------+-------+-------+-------+-------++-------
  Melee: Dagger            |    12 |    12 |    19 |    21 ||    64
         Punch             |     1 |       |       |       ||     1
   Fire: Arbalest          |       |       |       |   181 ||   181
         Sling             |       |       |       |     4 ||     4
   Cast: Ensorcelled Hiber |       |       |     4 |    13 ||    17
         Confusing Touch   |       |       |     1 |       ||     1
         Dazzling Flash    |       |       |       |     5 ||     5
    Use: Potion            |     3 |       |     2 |     3 ||     8
         Scroll            |       |       |     1 |     2 ||     3
   Stab: Sleeping          |       |     3 |    14 |    15 ||    32
         Confused          |       |       |     1 |       ||     1
         Invisible         |       |       |       |     1 ||     1
 Armour: Robe              |     1 |       |       |       ||     1
  Dodge: Dodged            |     9 |     1 |     3 |    60 ||    73
         Repelled          |       |       |       |     1 ||     1
  Block: Other             |       |       |       |    13 ||    13
         Reflection        |       |       |       |     3 ||     3
         Buckler           |       |       |       |     3 ||     3
